 Dungeon Crawl Stone Soup version 0.25-a0-668-gea548f19b6 (webtiles) character file.

Game seed: 4343923184042344875, levelgen mode: deterministic

1021 Kohma the Cutter (level 8, -1/42 HPs)
             Began as a Spriggan Enchanter on Mar 28, 2020.
             Killed by divine providence
             ... invoked by an orc priest
              (11 damage)
             ... on level 4 of the Dungeon.
             The game lasted 00:16:57 (6874 turns).

Kohma the Cutter (Spriggan Enchanter)               Turns: 6874, Time: 00:16:57

Health: -1/42      AC:  3    Str:  4    XL:     8   Next: 2%
Magic:  7/13       EV: 18    Int: 22    God:
Gold:   364        SH:  0    Dex: 17    Spells: 8/13 levels left

rFire    + . .     SeeInvis +   e - +2 dagger (venom)
rCold    . . .     Gourm    .   (shield restricted)
rNeg     . . .     Faith    .   b - +1 robe
rPois    .         Spirit   .   (helmet restricted)
rElec    .         Reflect  .   (no cloak)
rCorr    .         Harm     .   (gloves unavailable)
MR       +....                  (boots unavailable)
Stlth    +++.......             (no amulet)
HPRegen  0.14/turn              p - ring of protection from fire
MPRegen  0.13/turn              r - +4 ring of intelligence

@: very quick
A: very small, unfitting armour, see invisible, herbivore, speed 3, slow
metabolism 2
a: no special abilities


You were on level 4 of the Dungeon.
You were very hungry.

You visited 1 branch of the dungeon, and saw 4 of its levels.
You also visited: Ossuary.

You collected 364 gold pieces.

Inventory:

Hand Weapons
 e - a +2 dagger of venom (weapon)
 f - a +0 rapier
 m - a +0 hunting sling
Missiles
 a - 250 stones
 h - 21 poisoned darts (quivered)
Armour
 b - a +1 robe (worn)
Jewellery
 p - a ring of protection from fire (left hand)
 r - a +4 ring of intelligence (right hand)
Wands
 t - a wand of flame (21)
Scrolls
 c - a scroll of identify
 g - 3 scrolls of remove curse
 j - a scroll of amnesia
 n - 2 scrolls of teleportation
Potions
 i - 3 potions of berserk rage
 k - 3 potions of curing
 q - 5 potions of brilliance
 s - a potion of mutation
 v - a potion of flight
 w - a potion of invisibility
 x - a potion of ambrosia
 z - a potion of resistance
Comestibles
 d - 6 rations


   Skills:
 + Level 4.1 Fighting
 * Level 7.6 Short Blades
 - Level 3.0 Dodging
 - Level 5.0 Stealth
 - Level 3.0 Spellcasting
 - Level 5.0 Hexes


You had 8 spell levels left.
You knew the following spells:

 Your Spells              Type           Power        Failure   Level  Hunger
b - Ensorcelled Hibernat  Hex/Ice        ##....       7%          2    ##.....
c - Confusing Touch       Hex            ####....     4%          3    ###....

Your spell library contained the following spells:

 Spells                   Type           Power        Failure   Level  Hunger
 Corona                   Hex            ####...      1%          1    None
 Tukima's Dance           Hex            ####....     4%          3    ###....
 Dazzling Flash           Conj/Hex       ##....       13%         3    ###....


Dungeon Overview and Level Annotations

Branches:
Dungeon (4/15)            Ossuary (visited)
 Temple: D:4-7

Altars:
Gozag
Okawaru
Qazlal

Annotations:
D:3 3 runed translucent doors, exclusion: 3 doors, tape's ghost, amateur OpIE


Innate Abilities, Weirdness & Mutations

You are very small and have problems with some larger weapons.
You are too small for most types of armour.
You have supernaturally acute eyesight. (SInv)
You are a herbivore.
You cover ground extremely quickly.
You need to consume almost no food.


Message History

The orc priest invokes the aid of Beogh against you.
Beogh smites you!
* * * LOW HITPOINT WARNING * * *
The orc priest misses you.
Casting: Ensorcelled Hibernation (safe; 7% risk of failure)
Confirm with . or Enter, or press ? or * to list all spells.
Aiming: Ensorcelled Hibernation (safe; 7% risk of failure)
Press: ? - help, Shift-Dir - straight line, f/p - orc priest
Aim: an orc priest, wielding a +0 flail and wearing a +0 leather armour (chance to defeat MR: 45%)
The orc priest resists with some effort.
The orc priest barely misses you.
Casting: Ensorcelled Hibernation (safe; 7% risk of failure)
Confirm with . or Enter, or press ? or * to list all spells.
Aiming: Ensorcelled Hibernation (safe; 7% risk of failure)
Press: ? - help, Shift-Dir - straight line, f/p - orc priest
Aim: an orc priest, wielding a +0 flail and wearing a +0 leather armour (chance to defeat MR: 45%)
The orc priest resists with some effort.
The orc priest mumbles some strange prayers to Beogh against you.
Beogh smites you!
You die...

#.......###...###[,....,,,,,,,,
#.##....# #*.#* *..,..#********
#.#*###.# ##* *,..,.#
###.#####.# **###*#
.##.......#### .,...........#
##...#.##.##.#####
##......((....)oo#
##..##.##.##(###@####
.............#......#
.##......o####.#.##.#
###.......# #.#.##.# #
#.....).# #....#.# # #..>..o.#
#.#..#.# #.......# #.##.#.#
###....o..# #......#
.##.......# ####.###


You could see 2 orc priests.

Vanquished Creatures
  A hippogriff (D:4)
  Eustachio (D:4)
  2 elf zombies (Ossuary)
  A bullfrog (D:4)
  3 centaur zombies (Ossuary)
  A jelly (D:3)
  2 orc wizards (D:4)
  Jessica (D:3)
  An iguana (D:3)
  A worker ant (D:4)
  2 ogre zombies (Ossuary)
  7 mummies (Ossuary)
  Robin (D:2)
  An adder (D:3)
  3 adder zombies (Ossuary)
  4 worms
  A dart slug (D:2)
  2 leopard geckos (D:2)
  6 orcs
  A ball python (D:3)
  5 giant cockroaches
  20 goblins
  4 hobgoblins
  7 kobolds
  2 quokkas
  4 bats
  5 frilled lizards
  6 goblin zombies (Ossuary)
  3 hobgoblin zombies (Ossuary)
  4 kobold zombies (Ossuary)
  4 quokka zombies (Ossuary)
  9 rats
  3 rat zombies (Ossuary)
118 creatures vanquished.

Notes
Turn   | Place    | Note
-------+----------+-------------------------------------------
     0 | D:1      | Kohma the Spriggan Enchanter began the quest for the Orb.
     0 | D:1      | Reached XP level 1. HP: 9/9 MP: 5/5
   414 | D:1      | Reached XP level 2. HP: 10/13 MP: 6/6
   421 | D:1      | Learned a level 2 spell: Ensorcelled Hibernation
  1588 | D:2      | Reached skill level 5 in Stealth
  1630 | D:2      | Noticed Robin
  1664 | D:2      | Reached skill level 2 in Short Blades
  1665 | D:2      | Reached XP level 3. HP: 10/16 MP: 8/8
  1844 | D:2      | Killed Robin
  2344 | D:2      | Found a stormy altar of Qazlal.
  2406 | D:2      | Reached XP level 4. HP: 21/21 MP: 9/9
  2640 | D:3      | Reached skill level 3 in Short Blades
  2640 | D:3      | Reached skill level 5 in Hexes
  2896 | D:3      | Found a runed translucent gate.
  2896 | D:3      | Found a runed translucent gate.
  2900 | D:3      | Reached skill level 4 in Short Blades
  2900 | D:3      | Reached XP level 5. HP: 24/24 MP: 10/10
  2904 | D:3      | Found a runed translucent gate.
  2928 | D:3      | Learned a level 3 spell: Confusing Touch
  2998 | D:3      | Found an opulent altar of Gozag.
  3028 | D:3      | Noticed Jessica
  3201 | D:3      | Noticed tape's ghost (amateur OpIE)
  3440 | D:3      | Killed Jessica
  3571 | D:4      | Noticed Eustachio
  3589 | D:4      | Killed Eustachio
  3589 | D:4      | Reached skill level 5 in Short Blades
  3589 | D:4      | Reached XP level 6. HP: 8/30 MP: 7/11
  3874 | D:4      | Noticed a hippogriff
  3897 | D:4      | Killed a hippogriff
  3897 | D:4      | Reached XP level 7. HP: 19/35 MP: 12/12
  4071 | D:4      | Reached skill level 6 in Short Blades
  4328 | D:4      | Found a sand-covered staircase.
  4334 | Ossuary  | Entered an ossuary
  4689 | Ossuary  | HP: 1/36 [centaur zombie (8)]
  6016 | Ossuary  | Reached skill level 7 in Short Blades
  6678 | D:4      | Found an iron altar of Okawaru.
  6803 | D:4      | Reached XP level 8. HP: 42/42 MP: 10/13
  6874 | D:4      | Killed from afar by an orc priest

Levels and vault maps discovered:
D:1:      tarquinn_simple_flora_water_f, layout_basic, minmay_stone_trees_small
D:2:      layout_rooms, grunt_qazlal_clouds, uniq_robin
D:3:      layout_rooms, gammafunk_ghost_necromancy, grunt_gozag_breadcrumbs,
          uniq_jessica
D:4:      layout_loops_cross, nicolae_ossuary_entry_plus,
          hangedman_decor_slide_cut, nrook_loot_triangle,
          corexii_hall_statues_i, okawaru_altar_gauntlet_db, uniq_eustachio

Skill      XL: |  1  2  3  4  5  6  7 |
---------------+----------------------+-----
Spellcasting   | 3 |  3.0
Stealth        | 5 |  5.0
Hexes          | 4 5 |  5.0
Short Blades   | 2 4 5 7 |  7.6
Fighting       | 2 4 |  4.1
Dodging        | |  3.0

Action                   |  1- 3 |  4- 6 |  7- 9 || total
-------------------------+-------+-------+-------++-------
Melee: Dagger            |    84 |    54 |   261 ||   399
Throw: Dart              |     8 |    14 |     5 ||    27
       Stone             |     1 |       |       ||     1
 Cast: Ensorcelled Hiber |     8 |    17 |    10 ||    35
       Confusing Touch   |       |       |    13 ||    13
  Use: Scroll            |       |    11 |     8 ||    19
 Stab: Distracted        |     1 |       |       ||     1
       Sleeping          |    12 |    12 |    19 ||    43
       Confused          |       |       |    13 ||    13
  Eat: Ration            |       |     1 |     2 ||     3
Armor: Robe              |     4 |     3 |    10 ||    17
Dodge: Dodged            |    59 |    54 |    98 ||   211

Table legend:
 A = Non-vault XP
 B = Vault XP
 C = Vault XP percentage of total XP
 D = Non-vault monster count
 E = Vault monster count
 F = Vault count percentage of total count
                 A         B        C        D         E       F
            +---------+---------+-------+---------+---------+-------
      Total |     665 |     794 |  54.4 |      61 |      57 |  48.3
            +---------+---------+-------+---------+---------+-------
        D:1 |      24 |       0 |   0.0 |      16 |       0 |   0.0
        D:2 |      44 |      39 |  47.0 |      17 |      13 |  43.3
        D:3 |     126 |      37 |  22.7 |      20 |       1 |   4.8
        D:4 |     471 |     207 |  30.5 |       8 |       6 |  42.9
    Ossuary |       0 |     511 | 100.0 |       0 |      37 | 100.0
            +---------+---------+-------+---------+---------+-------
